 Dungeon Crawl Stone Soup version 0.30-a0-782-ge64f9170bb (webtiles) character file.

Game seed: 11095074582597494531

291 gruber the Skirmisher (level 6, 0/47 (51) HPs)
             Began as a Gnoll Hunter on Feb 27, 2023.
             Killed by divine providence
             ... invoked by an orc priest
              (11 damage)
             ... on level 4 of the Dungeon.
             The game lasted 00:05:28 (2190 turns).

gruber the Skirmisher (Gnoll Hunter)                Turns: 2190, Time: 00:05:28

HP:   0/47 (51)     AC:  3    Str: 11    XL:     6   Next: 32%
MP:   9/9           EV: 14    Int:  8    God:
Gold: 153           SH:  0    Dex: 17    Spells: 9/9 levels left

rFire   . . .      SeeInvis .    a - +0 shortbow
rCold   . . .      Faith    .    (shield currently unavailable)
rNeg    . . .      Spirit   .    c - +0 leather armour
rPois   .          Reflect  .    (no helmet)
rElec   .          Harm     .    B - scarf {repulsion}
rCorr   .          Rampage  .    (no gloves)
Will    .....                    (no boots)
Stlth   ++                       (no amulet)
HPRegen 0.27/turn                u - ring of wizardry
MPRegen 0.11/turn                (no ring)

@: drained, repel missiles
A: fangs 1, strong nose, distributed training
a: no special abilities


You were on level 4 of the Dungeon.
You visited 1 branch of the dungeon, and saw 4 of its levels.

You collected 153 gold pieces.

Inventory:

Hand Weapons
 a - a +0 shortbow (weapon)
 d - a +0 short sword of speed
 g - a +0 dagger of venom
 A - a +4 whip
 C - the +1 flail of Wiclisho {vamp, rC- Will++ Str+2 Int+2}
   (You found it on level 3 of the Dungeon)

   Str:       It affects your strength (+2).
   Int:       It affects your intelligence (+2).
   rC:        It makes you vulnerable to cold.
   Will:      It greatly increases your willpower.
Armour
 c - a +0 leather armour (worn)
 B - a scarf of repulsion (worn)
Jewellery
 n - a ring of flight
 u - a ring of wizardry (left hand)
Scrolls
 b - a scroll of immolation
 f - 6 scrolls of identify {unknown}
 h - a scroll of vulnerability {unknown}
 k - 2 scrolls of amnesia {unknown}
 m - 2 scrolls of poison {unknown}
 o - 2 scrolls of blinking {unknown}
 p - 3 scrolls of magic mapping {unknown}
 r - 2 scrolls of enchant armour {unknown}
 t - 4 scrolls of teleportation {unknown}
 v - a scroll of summoning {unknown}
 x - 2 scrolls of noise {unknown}
 y - a scroll of silence {unknown}
Potions
 e - 3 potions of might {unknown}
 i - 2 potions of mutation {unknown}
 j - a potion of haste
 l - 3 potions of heal wounds
 q - 2 potions of flight {unknown}
 s - 2 potions of cancellation {unknown}
 w - a potion of berserk rage {unknown}
 z - 2 potions of brilliance {unknown}


   Skills:
 + Level 5.0 Fighting
 + Level 2.0 Short Blades
 + Level 2.0 Long Blades
 + Level 2.0 Axes
 + Level 2.0 Maces & Flails
 + Level 2.0 Polearms
 + Level 2.0 Staves
 + Level 8.7 Ranged Weapons
 + Level 2.0 Throwing
 + Level 2.0 Armour
 + Level 5.0 Dodging
 + Level 3.1 Stealth
 + Level 2.0 Shields
 + Level 2.0 Unarmed Combat
 + Level 2.0 Spellcasting
 + Level 1.5 Conjurations
 + Level 1.5 Hexes
 + Level 1.5 Summonings
 + Level 1.5 Necromancy
 + Level 1.5 Translocations
 + Level 1.5 Transmutations
 + Level 1.5 Fire Magic
 + Level 1.5 Ice Magic
 + Level 1.5 Air Magic
 + Level 1.5 Earth Magic
 + Level 1.5 Poison Magic
 + Level 2.2 Invocations
 + Level 2.0 Evocations


You had 9 spell levels left.
You didn't know any spells.
Your spell library contained the following spells:

 Spells                   Type           Power      Damage    Failure   Level
 Tukima's Dance           Hex            3%         N/A       28%         3
 Passage of Golubria      Tloc           3%         N/A       65%         4
 Petrify                  Tmut/Erth      3%         N/A       65%         4
 Metabolic Englaciation   Hex/Ice        1%         N/A       92%         5
 Yara's Violent Unravell  Hex/Tmut       1%         3d3       92%         5
 Statue Form              Tmut/Erth      2%         N/A       100%        6


Dungeon Overview and Level Annotations

Branches:
Dungeon (4/15)
 Temple: D:4-7

Altars:
Ashenzari
Uskayaw


Innate Abilities, Weirdness & Mutations

You have very sharp teeth.
Your uncanny sense of smell can sniff out nearby items.
Your experience applies equally to all skills.


Message History

You shoot an arrow.
The arrow hits the ufetubus but does no damage.
You hear a shout! x2
The ufetubus hits you. The ufetubus closely misses you.
An orc priest comes into view. It is wielding a +0 club.
The ufetubus barely misses you. The ufetubus misses you.
An orc comes into view. It is wielding a +0 club.
The necrophage misses you.
You shoot an arrow. The arrow hits the necrophage.
The necrophage is lightly damaged.
The ufetubus closely misses you.
The ufetubus hits you but does no damage.
An orc priest comes into view. It is wielding a +0 club.
The necrophage hits you.
You feel drained. The ufetubus barely misses you. The ufetubus misses you.
You shoot an arrow.
The arrow hits the necrophage but does no damage.
The necrophage is lightly damaged.
The ufetubus closely misses you. The ufetubus hits you.
The orc priest mumbles some strange prayers to Beogh against you.
Beogh smites you!
The orc hits you with a +1 mace of draining.
You feel drained. The necrophage closely misses you.
The ufetubus hits you but does no damage.
The ufetubus misses you.
The necrophage attacks as you move away!
The necrophage barely misses you. The ufetubus closely misses you.
The ufetubus misses you. The orc hits you with a +0 club.
The orc priest calls down the wrath of Beogh upon you.
Beogh smites you! The orc attacks as you move away! The orc barely misses you.
The orc attacks as you move away!
The orc hits you with a +1 mace of draining.
* * * LOW HITPOINT WARNING * * *
You feel drained. The necrophage barely misses you.
The orc priest casts a cantrip, but nothing happens.
An orc comes into view. It is wielding a +0 dagger.
The orc priest calls down the wrath of Beogh upon you.
Beogh smites you!
You die...

##...## ##.....##
#.......#
#####.......#
............###
##.o........#
#oo.o.....#
....#o5n)...# .
#.@..<..# ##......#
#....#.##
###..#.#..#
#....#.##.#
.#.#.#....##..†.n).$
.....#...##.........
#.....<###....)...?
#..#...# ..#..##...


You could see a necrophage, 2 orc priests, 3 orcs and an ufetubus.

Vanquished Creatures
  An ice beast (D:3)
  Jessica (D:2)
  Natasha (thrice) (D:2)
  2 adders
  A gnoll (D:3)
  A dart slug (D:3)
  4 orcs
  7 ball pythons
  5 bats
  8 endoplasms
  2 giant cockroaches (D:2)
  8 goblins
  2 hobgoblins
  6 kobolds
  7 quokkas
  6 frilled lizards (D:1)
  5 rats
69 creatures vanquished.

Notes
Turn   | Place    | Note
-------+----------+-------------------------------------------
     0 | D:1      | gruber the Gnoll Hunter began the quest for the Orb.
     0 | D:1      | Reached XP level 1. HP: 20/20 MP: 1/1
    77 | D:1      | Reached XP level 2. HP: 26/26 MP: 2/2
   405 | D:2      | Reached XP level 3. HP: 31/31 MP: 3/3
   405 | D:2      | Noticed Natasha
   419 | D:2      | Killed Natasha
   420 | D:2      | Reached skill level 1 in Short Blades
   420 | D:2      | Reached skill level 1 in Long Blades
   420 | D:2      | Reached skill level 1 in Axes
   420 | D:2      | Reached skill level 1 in Maces & Flails
   420 | D:2      | Reached skill level 1 in Polearms
   420 | D:2      | Reached skill level 1 in Staves
   420 | D:2      | Reached skill level 1 in Throwing
   420 | D:2      | Reached skill level 1 in Armour
   420 | D:2      | Reached skill level 1 in Shields
   420 | D:2      | Reached skill level 1 in Unarmed Combat
   420 | D:2      | Reached skill level 1 in Spellcasting
   420 | D:2      | Reached skill level 1 in Invocations
   420 | D:2      | Reached skill level 1 in Evocations
   562 | D:2      | Noticed Natasha
   571 | D:2      | HP: 1/31 [Natasha/magic dart (6)]
   572 | D:2      | Killed Natasha
   573 | D:2      | Reached XP level 4. HP: 2/38 MP: 5/5
   826 | D:2      | Reached skill level 1 in Conjurations
   826 | D:2      | Reached skill level 1 in Hexes
   826 | D:2      | Reached skill level 1 in Summonings
   826 | D:2      | Reached skill level 1 in Necromancy
   826 | D:2      | Reached skill level 1 in Translocations
   826 | D:2      | Reached skill level 1 in Transmutations
   826 | D:2      | Reached skill level 1 in Fire Magic
   826 | D:2      | Reached skill level 1 in Ice Magic
   826 | D:2      | Reached skill level 1 in Air Magic
   826 | D:2      | Reached skill level 1 in Earth Magic
   826 | D:2      | Reached skill level 1 in Poison Magic
   843 | D:2      | Noticed Natasha
   847 | D:2      | Killed Natasha
  1125 | D:2      | Reached XP level 5. HP: 41/43 MP: 5/7
  1283 | D:2      | Noticed Jessica
  1300 | D:2      | Killed Jessica
  1513 | D:3      | Noticed an ice beast
  1521 | D:3      | Killed an ice beast
  1522 | D:3      | Reached XP level 6. HP: 36/50 MP: 8/8
  1740 | D:3      | Reached skill level 5 in Fighting
  1740 | D:3      | Reached skill level 5 in Dodging
  1989 | D:3      | Found a hide-covered altar of Uskayaw.
  1989 | D:3      | Found a broken altar of Ashenzari.
  2029 | D:3      | Identified the +1 flail of Wiclisho {vamp, rC- Will++ Str+2
                  | Int+2}
  2190 | D:4      | Killed from afar by an orc priest

Illustrated notes

Levels and vault maps discovered:
D:1:      roderic_crossed_star, layout_basic
D:2:      layout_loops_ring, kennysheep_jessica_study, uniq_natasha
D:3:      layout_loops_cross, gammafunk_temple_overflow_elements, minivault_26,
          kennysheep_another_room, minmay_vboxes
D:4:      layout_rooms, lightli_temple_of_fire

Skill      XL: |  1  2  3  4  5  6 |
---------------+-------------------+-----
Short Blades   | 1 2 |  2.0
Long Blades    | 1 2 |  2.0
Axes           | 1 2 |  2.0
Maces & Flails | 1 2 |  2.0
Polearms       | 1 2 |  2.0
Staves         | 1 2 |  2.0
Throwing       | 1 2 |  2.0
Armour         | 1 2 |  2.0
Shields        | 1 2 |  2.0
Unarmed Combat | 1 2 |  2.0
Spellcasting   | 1 2 |  2.0
Invocations    | 1 2 |  2.2
Evocations     | 1 2 |  2.0
Conjurations   | 1 |  1.5
Hexes          | 1 |  1.5
Summonings     | 1 |  1.5
Necromancy     | 1 |  1.5
Translocations | 1 |  1.5
Transmutations | 1 |  1.5
Fire Magic     | 1 |  1.5
Ice Magic      | 1 |  1.5
Air Magic      | 1 |  1.5
Earth Magic    | 1 |  1.5
Poison Magic   | 1 |  1.5
Stealth        | 3 |  3.1
Fighting       | 5 |  5.0
Dodging        | 5 |  5.0
Ranged Weapons | |  8.7

Action                     |  1- 3 |  4- 6 || total
---------------------------+-------+-------++-------
  Melee: Dagger            |     1 |     5 ||     6
         Bite              |       |     1 ||     1
   Fire: Shortbow          |    60 |   135 ||   195
 Armour: Leather armour    |     3 |    10 ||    13
  Dodge: Dodged            |    15 |    39 ||    54

Table legend: (Time is in decaauts)
 A = Elapsed time spent in this place.
 B = Non-inter-level travel time spent in this place.
 C = Inter-level travel time spent in this place.
 D = Time resting spent in this place.
 E = Time spent auto-exploring this place.
 F = Levels seen in this place.
 G = Mean time per level.
                   A        B        C        D        E       F      G
               +--------+--------+--------+--------+--------+-----+--------+
         Total |   2210 |   2142 |     68 |      0 |   1785 |   4 |  552.5 |
       Dungeon |   2210 |   2142 |     68 |      0 |   1785 |   4 |  552.5 |
               +--------+--------+--------+--------+--------+-----+--------+

Top non-repeatable levels by time:
     D:2: 1128 daAuts
     D:3: 680 daAuts
     D:1: 366 daAuts
     D:4: 35 daAuts
